 Dungeon Crawl Stone Soup version 0.30-a0-223-gcb0039aa0c (webtiles) character file.

Game seed: 7486437322053162571

90743 qw the Severer (level 16, -11/103 HPs)
             Began as a Gargoyle Fighter on Oct 9, 2022.
             Was an Elder of Okawaru.
             Mangled by an ettin
             ... wielding a +0 dire flail
              (20 damage)
             ... on level 1 of the Orcish Mines.
             The game lasted 00:10:22 (21723 turns).

qw the Severer (Gargoyle Fighter)                  Turns: 21723, Time: 00:10:23

Health: -11/103    AC: 48    Str: 32    XL:     16   Next: 1%
Magic:  22/23      EV: 10    Int: 14    God:    Okawaru [****..]
Gold:   580        SH: 14    Dex:  9    Spells: 15/15 levels left

rFire   . . .      SeeInvis .    Y - +2 broad axe (venom)
rCold   . . .      Faith    .    G - +1 kite shield {reflect}
rNeg    + + .      Spirit   .    t - +0 plate armour
rPois   inf        Reflect  +    g - +2 helmet
rElec   +          Harm     .    a - +2 cloak
rCorr   .          Rampage  .    j - +2 pair of gloves
Will    +....                    n - +2 pair of boots of the Gate {+Blink Regen+ Int-3}
Stlth   ..........               h - amulet of the acrobat
HPRegen 1.17/turn                z - +4 ring of protection
MPRegen 0.18/turn                B - ring of Zaos {Contam rN+ Str+6 Int+6}

@: about to teleport, heroic, flying
A: sickness immunity, AC +12, big wings, negative energy resistance 1,
electricity resistance, torment resistance 1, petrification resistance
a: Renounce Religion, Evoke Blink, Heroism, Finesse


You were on level 1 of the Orcish Mines.
You worshipped Okawaru.
Okawaru was greatly pleased with you.
You visited 4 branches of the dungeon, and saw 22 of its levels.

You collected 2590 gold pieces.
You spent 2010 gold pieces at shops.


Innate Abilities, Weirdness & Mutations

You are immune to sickness and miasma.
Your stone body is resilient. (AC +12)
You are immune to poison.
Your large and strong wings let you fly.
You resist negative energy. (rN+)
You are resistant to electric shocks. (rElec)
You are resistant to unholy torment.
You are immune to petrification.


   Skills:
 - Level 12.8(17.8) Fighting
 + Level 16.2(21.2) Axes
 - Level 5.2(10.2) Throwing
 - Level 12.0(17.0) Armour
 - Level 3.2(8.2) Dodging
 - Level 13.0(18.0) Shields
 - Level 10.0 Invocations


You had 15 spell levels left.
You didn't know any spells.
Your spell library was empty.

Inventory:

Hand Weapons
 y - the +7 morningstar "Enwargh" {vorpal, rElec rPois}
   (You found it on level 5 of the Lair of Beasts)

   It inflicts extra damage upon your enemies.
   rElec:     It insulates you from electricity.
   rPois:     It protects you from poison.
 Y - a +2 broad axe of venom (weapon)
Missiles
 q - 4 boomerangs (quivered)
Armour
 a - a +2 cloak (worn)
 f - +0 acid dragon scales
 g - a +2 helmet (worn)
 j - a +2 pair of gloves (worn)
 k - the +1 cloak of the Big Bang {Harm Will++ rCorr}
   (You acquired it on level 2 of the Dungeon)

   rCorr:     It protects you from acid and corrosion.
   Harm:      It increases damage dealt and taken.
   Will:      It greatly increases your willpower.
 n - the +2 pair of boots of the Gate (worn) {+Blink Regen+ Int-3}
   (Okawaru gifted it to you on level 2 of the Lair of Beasts)

   Int:       It affects your intelligence (-3).
   +Blink:    It lets you blink.
   Regen:     It increases your rate of health regeneration.
 t - a +0 plate armour (worn)
 u - the +0 hat of the Tangerine {rF+ Stlth+}
   (Okawaru gifted it to you on level 4 of the Lair of Beasts)

   rF:        It protects you from fire.
   Stlth:     It makes you more stealthy.
 w - the +3 hat of Pondering {ponderous, Will+ MP+10 Int+5}
   (You took it off Gastronok on level 2 of the Lair of Beasts)

   Int:       It affects your intelligence (+5).
   MP:        It affects your magic capacity (+10).
   Will:      It increases your willpower.
 A - +0 fire dragon scales
 F - a +1 chain mail of fire resistance
 G - a +1 kite shield of reflection (worn)
Jewellery
 b - a ring of protection from cold
 h - an amulet of the acrobat (around neck)
 v - a ring of fire
 z - a +4 ring of protection (left hand)
 B - the ring of Zaos (right hand) {Contam rN+ Str+6 Int+6}
   (You acquired it on level 10 of the Dungeon)

   [ring of strength]

   Str:       It affects your strength (+6).
   Int:       It affects your intelligence (+6).
   rN:        It protects you from negative energy.
   Contam:    It causes magical contamination when unequipped.
Scrolls
 l - 7 scrolls of identify
 r - 4 scrolls of teleportation
Potions
 d - 4 potions of might
 e - 4 potions of mutation
 i - 8 potions of curing
 m - 2 potions of attraction
 o - 2 potions of lignification
 p - 3 potions of cancellation
 s - 2 potions of haste
 x - a potion of resistance
 D - a potion of heal wounds

Dungeon Overview and Level Annotations

Branches:
Dungeon (15/15)            Temple (1/1) D:5            Lair (5/5) D:9
 Shoals (0/4) Lair:3        Snake (0/4) Lair:2        Slime (0/5) Lair:4
    Orc (1/2) D:9          Vaults (0/5) D:14         Depths (0/4) D:15

Altars:
Ashenzari
Cheibriados
Dithmenos
Elyvilon
Fedhas
Gozag
Hepliaklqana
Kikubaaqudgha
Makhleb
Nemelex Xobeh
Okawaru
Qazlal
Ru
Sif Muna
Trog
Uskayaw
Vehumet
Wu Jian
Xom
Yredelemnul
Zin
The Shining One
Jiyva

Shops:
D:1 *   D:13 [   Orc:1 [

Annotations:
Lair:4 1 transporter, Aricsoirch's ghost, journeyman GrFi


Message History

You slice the cyclops!!
You kill the cyclops!
Okawaru accepts your kill.
You barely miss the ettin. You block the ettin's attack. x2
You hit the ettin.
The ettin is lightly wounded.
You hit the ettin but do no damage.
The ettin is poisoned.
You block the ettin's attack. x2
You hit the stone giant but do no damage.
The stone giant is poisoned.
The stone giant is severely wounded.
You slash the ettin! The ettin hits you but does no damage.
The ettin closely misses you.
You hit the stone giant.
The stone giant looks as sick as possible!
The stone giant is severely wounded.
You hit the ettin.
The ettin looks as sick as possible!
You hit the stone giant but do no damage.
The stone giant looks as sick as possible!
The stone giant is severely wounded.
You hit the ettin but do no damage.
The ettin looks as sick as possible!
The stone giant hits you but does no damage.
You block the ettin's attack.
The ettin hits you with a +0 dire flail!
You slash the stone giant!
The stone giant looks as sick as possible!
The stone giant is almost dead.
You slice the ettin!! You hit the ettin.
The ettin looks as sick as possible!
The ettin hits you but does no damage.
The ettin hits you with a +0 dire flail!!
The stone giant hits you but does no damage.
You block the ettin's attack. The ettin hits you but does no damage.
21723 ||| READING 5 scrolls of teleportation.
As you read the scroll of teleportation, it crumbles to dust.
You feel strangely unstable. The stone giant hits you!
The ettin hits you but does no damage. You block the ettin's attack.
The ettin hits you but does no damage.
The ettin hits you with a +0 dire flail!!
You die...

####### ##########
##
......C####........#
..
.....CC@..'........+
..
......C####........#
.. .......
####(##### ..
......( #.#########
....... #..........
.....(. ###########
####### .


You could see a stone giant (extremely poisoned), 2 ettins and a cyclops.

Vanquished Creatures
  Gastronok (Lair:2)
  2 ettins
  2 fire dragons
  5 hydras
  A catoblepas (Lair:5)
  4 boulder beetles
  6 centaur warriors
  3 death yaks (Lair:5)
  A merfolk avatar (Lair:5)
  5 two-headed ogres
  A hell knight (D:15)
  Urug (Orc:1)
  5 skeletal warriors (D:15)
  2 deep trolls (D:15)
  A wizard (D:15)
  2 sea snakes (Lair:5)
  Pikel (D:4)
  3 harpies (Lair:5)
  9 ugly things
  4 manticores
  16 cyclopes
  An orc knight (D:10)
  30 elephants
  Maurice (D:10)
  16 cane toads
  2 black mambas
  2 unseen horrors
  14 komodo dragons
  A tengu conjurer (D:15)
  4 rime drakes
  A kobold demonologist (D:11)
  A hornet (Lair:5)
  3 polar bears (Lair:5)
  A wind drake (Lair:5)
  5 trolls
  A raiju (shapeshifter) (D:14)
  Grinder (D:4)
  16 slime creatures
  22 blink frogs
  A jumping spider (shapeshifter) (D:14)
  2 wraiths
  3 wyverns
  Sigmund (D:4)
  60 yaks
  3 shadows
  A hog (shapeshifter) (D:14)
  7 basilisks
  7 vampire mosquitoes
  3 steam dragons
  5 wargs (Orc:1)
  A naga (Lair:2)
  13 water moccasins
  2 acid dragons (D:11)
  2 black bears
  14 orc warriors
  A sky beast (D:7)
  3 ogres (Orc:1)
  An ice beast (D:6)
  5 wolves
  4 boggarts (D:15)
  14 centaurs
  A phantom (D:7)
  A lemure (D:4)
  3 kobold brigands
  15 bullfrogs
  2 necrophages
  Blork the orc (D:4)
  A scorpion (D:6)
  3 wights (D:7)
  11 killer bees
  9 electric eels
  7 howler monkeys
  3 lava snakes (Lair:4)
  5 hounds
  2 jellies
  9 orc priests
  2 gnoll boudas
  4 iguanas
  Natasha (thrice) (D:2)
  5 orc wizards
  A mummy (D:4)
  Robin (D:2)
  7 adders
  10 gnolls
  4 river rats (D:5)
  2 shadow imps
  2 ufetubi (D:4)
  5 worms
  4 dart slugs
  40 orcs
  10 endoplasms
  A giant cockroach (D:3)
  15 goblins
  10 hobgoblins
  2 jackals (D:1)
  15 kobolds
  5 quokkas
  9 ball pythons
  5 bats
  3 frilled lizards
  9 rats
597 creatures vanquished.

Vanquished Creatures (others)
  An orc (D:9)
  25 fungi
  97 plants
123 creatures vanquished.

Grand Total: 720 creatures vanquished

Notes
Turn   | Place    | Note
-------+----------+-------------------------------------------
     0 | D:1      | qw the Gargoyle Fighter began the quest for the Orb.
     0 | D:1      | Reached XP level 1. HP: 14/14 MP: 1/1
     0 | D:1      | 0 ||| qw: Version: 0.2-a-17-g06abaee
     0 | D:1      | 0 ||| qw: Game counter: 2171
     0 | D:1      | 0 ||| qw: Always use a shield: true
     0 | D:1      | 0 ||| qw: God list: Okawaru
     0 | D:1      | 0 ||| qw: Allow faded altars: false
     0 | D:1      | 0 ||| qw: Do Orc after D:15 true
     0 | D:1      | 0 ||| qw: Do second Lair branch before Depths: true
     0 | D:1      | 0 ||| qw: Lair rune preference: random
     0 | D:1      | 0 ||| qw: Plans: Normal, Zot:1-4, God:TSO, Crypt, Tomb,
                  | Pan, Slime:5, Hells, Abyss, Orb
     0 | D:1      | 0 ||| PLANNING D:1-11
   131 | D:1      | Reached skill level 2 in Axes
   249 | D:1      | Reached XP level 2. HP: 19/19 MP: 2/2
   262 | D:1      | 262 ||| Stepping ~*~*~tactically~*~*~ (stealth).
   269 | D:1      | 269 ||| Stepping ~*~*~tactically~*~*~ (hiding).
   270 | D:1      | 270 ||| Stepping ~*~*~tactically~*~*~ (stealth).
   271 | D:1      | 271 ||| Stepping ~*~*~tactically~*~*~ (hiding).
   272 | D:1      | 272 ||| Stepping ~*~*~tactically~*~*~ (stealth).
   390 | D:1      | Found Huwonun's Assorted Antiques.
   400 | D:1      | 400 ||| SHOPLISTING glowing plate armour (650 gold, have
                  | 52).
   400 | D:1      | 400 ||| SHOPLISTING potion of might (100 gold, have 52).
   400 | D:1      | 400 ||| SHOPLISTING scratched garnet ring (125 gold, have
                  | 52).
   400 | D:1      | 400 ||| BUYING scroll labelled OMIEKHOFFO (25 gold).
   400 | D:1      | Bought a scroll labelled OMIEKHOFFO for 25 gold pieces
   400 | D:1      | 400 ||| BUYING scroll labelled PODURUR NUIKK (25 gold).
   400 | D:1      | Bought a scroll labelled PODURUR NUIKK for 25 gold pieces
   400 | D:1      | 400 ||| SHOPLISTING scroll labelled YTEOWA PABEBB (25 gold,
                  | have 2).
   401 | D:1      | 401 ||| Stepping ~*~*~tactically~*~*~ (stealth).
   407 | D:1      | Reached skill level 3 in Axes
   560 | D:1      | Reached XP level 3. HP: 23/23 MP: 3/3
   572 | D:1      | 572 ||| DROPPING +0 club.
   859 | D:1      | 859 ||| READING scroll labelled ORAAJO DUC.
   860 | D:1      | 860 ||| READING 2 scrolls labelled PODURUR NUIKK.
   861 | D:1      | 861 ||| READING scroll labelled YTEOWA PABEBB.
   862 | D:1      | 862 ||| READING scroll labelled HISEUN UR GOLOFI.
   863 | D:1      | 863 ||| READING scroll labelled OMIEKHOFFO.
   864 | D:1      | 864 ||| READING scroll labelled GAAMUGR BOTAN.
   867 | D:1      | 867 ||| DRINKING 2 yellow potions.
   968 | D:1      | 968 ||| DRINKING 3 viscous inky potions.
   969 | D:1      | 969 ||| DROPPING scroll of immolation.
   970 | D:1      | 970 ||| DROPPING potion of ambrosia.
   971 | D:1      | 971 ||| DROPPING 2 potions of brilliance.
  1049 | D:2      | Noticed Robin
  1063 | D:2      | HP: 2/23 [goblin/+0 club[Robin] (5)]
  1066 | D:2      | Killed Robin
  1067 | D:2      | Reached XP level 4. HP: 1/28 MP: 4/4
  1173 | D:2      | 1173 ||| Stepping ~*~*~tactically~*~*~ (stealth).
  1258 | D:2      | 1258 ||| Stepping ~*~*~tactically~*~*~ (hiding).
  1264 | D:2      | Reached skill level 4 in Axes
  1395 | D:2      | 1395 ||| FLEEEEING.
  1396 | D:2      | 1396 ||| FLEEEEING.
  1397 | D:2      | 1397 ||| FLEEEEING.
  1401 | D:2      | 1401 ||| FLEEEEING.
  1402 | D:2      | 1402 ||| FLEEEEING.
  1403 | D:2      | 1403 ||| FLEEEEING.
  1407 | D:2      | 1407 ||| STAIRDANCE
  1450 | D:1      | 1450 ||| UPGRADING to +0 helmet.
  1455 | D:1      | 1455 ||| UPGRADING to +0 pair of gloves.
  1460 | D:1      | 1460 ||| READING scroll of enchant armour.
  1460 | D:1      | 1460 ||| ENCHANTING +0 pair of gloves.
  1461 | D:1      | 1461 ||| UPGRADING to amulet of the acrobat.
  1475 | D:2      | 1475 ||| STAIRDANCE
  1624 | D:2      | Noticed Natasha
  1625 | D:2      | 1625 ||| Stepping ~*~*~tactically~*~*~ (hiding).
  1632 | D:2      | Killed Natasha
  1633 | D:2      | Reached XP level 5. HP: 32/32 MP: 5/5
  1881 | D:2      | Noticed Natasha
  1894 | D:2      | Killed Natasha
  2017 | D:2      | 2017 ||| DROPPING ring of wizardry.
  2018 | D:2      | 2018 ||| READING scroll labelled ODIOMIHA JARPHUPUA.
  2018 | D:2      | Identified a scroll of acquirement
  2018 | D:2      | 2018 ||| ACQUIRING +1 cloak of the Big Bang {Harm Will++
                  | rCorr}
  2018 | D:2      | Acquired the +1 cloak of the Big Bang {Harm Will++ rCorr}
  2020 | D:2      | 2020 ||| DRINKING 2 ruby potions.
  2045 | D:2      | Noticed Natasha
  2046 | D:2      | 2046 ||| Stepping ~*~*~tactically~*~*~ (stealth).
  2048 | D:2      | 2048 ||| Stepping ~*~*~tactically~*~*~ (hiding).
  2051 | D:2      | 2051 ||| Stepping ~*~*~tactically~*~*~ (hiding).
  2058 | D:2      | Killed Natasha
  2059 | D:2      | Reached skill level 5 in Axes
  2150 | D:3      | 2150 ||| Stepping ~*~*~tactically~*~*~ (stealth).
  2237 | D:3      | 2237 ||| FLEEEEING.
  2423 | D:3      | 2423 ||| READING scroll of enchant armour.
  2423 | D:3      | 2423 ||| ENCHANTING +1 pair of gloves.
  2557 | D:3      | Reached XP level 6. HP: 38/38 MP: 6/6
  2794 | D:3      | 2794 ||| READING 3 scrolls labelled BEHEBR XUNAO.
  2795 | D:3      | 2795 ||| DRINKING 2 sedimented sapphire potions.
  2796 | D:3      | 2796 ||| READING 2 scrolls of identify.
  2796 | D:3      | 2796 ||| IDENTIFYING fizzy black potion
  2797 | D:3      | 2797 ||| DROPPING potion of magic.
  2815 | D:4      | 2815 ||| PLANNING OSSUARY
  2819 | D:4      | 2819 ||| STAIRDANCE
  2822 | D:3      | Reached skill level 1 in Dodging
  2852 | D:4      | 2852 ||| Stepping ~*~*~tactically~*~*~ (stealth).
  2886 | D:4      | 2886 ||| Stepping ~*~*~tactically~*~*~ (stealth).
  2888 | D:4      | 2888 ||| Stepping ~*~*~tactically~*~*~ (stealth).
  2891 | D:4      | 2891 ||| Stepping ~*~*~tactically~*~*~ (stealth).
  2927 | D:4      | Noticed Blork the orc
  2938 | D:4      | Killed Blork the orc
  2955 | D:4      | 2955 ||| Stepping ~*~*~tactically~*~*~ (stealth).
  2964 | D:4      | 2964 ||| Stepping ~*~*~tactically~*~*~ (stealth).
  2965 | D:4      | 2965 ||| Stepping ~*~*~tactically~*~*~ (stealth).
  3006 | D:4      | Noticed Grinder
  3007 | D:4      | 3007 ||| Stepping ~*~*~tactically~*~*~ (hiding).
  3008 | D:4      | 3008 ||| Stepping ~*~*~tactically~*~*~ (hiding).
  3010 | D:4      | 3010 ||| Stepping ~*~*~tactically~*~*~ (hiding).
  3026 | D:4      | 3026 ||| FLEEEEING.
  3027 | D:4      | 3027 ||| FLEEEEING.
  3028 | D:4      | 3028 ||| FLEEEEING.
  3029 | D:4      | 3029 ||| FLEEEEING.
  3032 | D:4      | 3032 ||| STAIRDANCE
  3057 | D:3      | 3057 ||| DRINKING 3 fuming dark potions.
  3058 | D:3      | 3058 ||| DROPPING 2 potions of degeneration.
  3061 | D:4      | 3061 ||| Stepping ~*~*~tactically~*~*~ (hiding).
  3062 | D:4      | 3062 ||| Stepping ~*~*~tactically~*~*~ (hiding).
  3063 | D:4      | 3063 ||| Stepping ~*~*~tactically~*~*~ (hiding).
  3076 | D:4      | Killed Grinder
  3077 | D:4      | Reached skill level 6 in Axes
  3077 | D:4      | Reached XP level 7. HP: 35/43 MP: 7/7
  3139 | D:4      | 3139 ||| Stepping ~*~*~tactically~*~*~ (stealth).
  3234 | D:4      | Noticed Pikel
  3249 | D:4      | HP: 9/43 [lemure[Pikel] (3)]
  3250 | D:4      | 3250 ||| READING scroll of teleportation.
  3251 | D:4      | HP: 3/43 [Pikel/+1 whip of flaming (4)]
  3391 | D:4      | 3391 ||| Stepping ~*~*~tactically~*~*~ (stealth).
  3394 | D:4      | 3394 ||| Stepping ~*~*~tactically~*~*~ (stealth).
  3405 | D:4      | Killed Pikel
  3406 | D:4      | Reached skill level 8 in Axes
  3406 | D:4      | Reached XP level 8. HP: 41/48 MP: 8/8
  3431 | D:4      | 3431 ||| DROPPING +0 whip.
  3454 | D:4      | 3454 ||| RIP OSSUARY
  3496 | D:4      | 3496 ||| PLANNING D:1-11
  3496 | D:4      | 3496 ||| Stepping ~*~*~tactically~*~*~ (stealth).
  3546 | D:4      | Noticed Sigmund
  3560 | D:4      | Killed Sigmund
  3782 | D:4      | Found a snail-covered altar of Cheibriados.
  3865 | D:5      | Entered Level 5 of the Dungeon
  3866 | D:5      | 3866 ||| PLANNING SEWER
  3882 | D:5      | 3882 ||| Stepping ~*~*~tactically~*~*~ (hiding).
  3891 | D:5      | Reached skill level 1 in Throwing
  3997 | D:5      | Found a staircase to the Ecumenical Temple.
  4004 | D:5      | 4004 ||| Stepping ~*~*~tactically~*~*~ (hiding).
  4013 | D:5      | Reached skill level 6 in Fighting
  4161 | D:5      | You fall into a shaft and drop 1 floor!
  4192 | D:6      | 4192 ||| Stepping ~*~*~tactically~*~*~ (stealth).
  4193 | D:6      | 4193 ||| Stepping ~*~*~tactically~*~*~ (stealth).
  4194 | D:6      | 4194 ||| Stepping ~*~*~tactically~*~*~ (stealth).
  4259 | D:6      | Reached skill level 9 in Axes
  4259 | D:6      | Reached XP level 9. HP: 51/55 MP: 9/9
  4329 | D:6      | 4329 ||| READING scroll labelled RIMACW DE SOATE.
  4330 | D:6      | 4330 ||| DROPPING +1 whip of flaming.
  4331 | D:6      | 4331 ||| READING scroll labelled ETROD LYKHIRO.
  4332 | D:6      | 4332 ||| READING scroll labelled JYSOL BASM.
  4333 | D:6      | 4333 ||| READING 3 scrolls of identify.
  4333 | D:6      | 4333 ||| IDENTIFYING fuming inky potion
  4334 | D:6      | 4334 ||| READING 2 scrolls of identify.
  4334 | D:6      | 4334 ||| IDENTIFYING red potion
  4335 | D:6      | 4335 ||| DROPPING potion of invisibility.
  4549 | D:5      | 4549 ||| READING scroll of enchant armour.
  4549 | D:5      | 4549 ||| ENCHANTING +0 helmet.
  4607 | D:5      | 4607 ||| RIP SEWER
  4621 | D:5      | 4621 ||| PLANNING TEMPLE
  4621 | D:5      | 4621 ||| UPGRADING to +0 pair of boots.
  4626 | D:5      | 4626 ||| UPGRADING to +0 chain mail.
  4636 | D:5      | 4636 ||| DROPPING +0 scale mail.
  4675 | Temple   | Entered the Ecumenical Temple
  5013 | Temple   | 5013 ||| PLANNING D:1-11
  5248 | D:6      | Identified the +6 rapier of Big Damage {antimagic, Dex+6}
  5512 | D:6      | 5512 ||| Stepping ~*~*~tactically~*~*~ (hiding).
  5696 | D:6      | Found an iron altar of Okawaru.
  5697 | D:6      | 5697 ||| PLANNING OKAWARU WORSHIP
  5697 | D:6      | 5697 ||| UPGRADING to +0 plate armour.
  5707 | D:6      | 5707 ||| DROPPING +0 chain mail.
  5708 | D:6      | 5708 ||| READING scroll labelled XOUVVA ZOTEYL.
  5746 | D:6      | 5746 ||| DRINKING 2 glowing sapphire potions.
  5747 | D:6      | 5747 ||| READING 2 scrolls of identify.
  5747 | D:6      | 5747 ||| IDENTIFYING metallic orange potion
  5748 | D:6      | 5748 ||| DROPPING potion of berserk rage.
  5753 | D:6      | Became a worshipper of Warmaster Okawaru
  5754 | D:6      | 5754 ||| PLANNING D:1-11
  5783 | D:6      | Found a sacrificial altar of Ru.
  5996 | D:7      | Found a bloodstained altar of Trog.
  6010 | D:7      | 6010 ||| Stepping ~*~*~tactically~*~*~ (stealth).
  6011 | D:7      | 6011 ||| Stepping ~*~*~tactically~*~*~ (stealth).
  6036 | D:7      | Reached skill level 6 in Armour
  6043 | D:7      | 6043 ||| Stepping ~*~*~tactically~*~*~ (stealth).
  6060 | D:7      | 6060 ||| READING scroll of brand weapon.
  6060 | D:7      | 6060 ||| BRANDING +0 war axe of flaming.
  6093 | D:7      | 6093 ||| Stepping ~*~*~tactically~*~*~ (stealth).
  6304 | D:7      | Found an ancient bone altar of Kikubaaqudgha.
  6304 | D:7      | Found an opulent altar of Gozag.
  6346 | D:7      | 6346 ||| Stepping ~*~*~tactically~*~*~ (stealth).
  6347 | D:7      | 6347 ||| Stepping ~*~*~tactically~*~*~ (stealth).
  6448 | D:7      | 6448 ||| DROPPING +0 whip.
  6600 | D:7      | 6600 ||| UPGRADING to +0 cloak.
  6636 | D:8      | 6636 ||| STAIRDANCE
  6685 | D:8      | 6685 ||| STAIRDANCE
  6697 | D:8      | 6697 ||| STAIRDANCE
  6782 | D:8      | 6782 ||| Stepping ~*~*~tactically~*~*~ (hiding).
  6785 | D:8      | 6785 ||| Stepping ~*~*~tactically~*~*~ (hiding).
  6786 | D:8      | 6786 ||| Stepping ~*~*~tactically~*~*~ (hiding).
  6835 | D:8      | Reached * piety under Okawaru
  6855 | D:8      | Noticed a two-headed ogre
  6856 | D:8      | 6856 ||| INVOKING Heroism.
  6864 | D:8      | Killed a two-headed ogre
  6865 | D:8      | Reached skill level 3 in Invocations
  6865 | D:8      | Reached XP level 10. HP: 46/63 MP: 7/12
  6931 | D:8      | 6931 ||| INVOKING Heroism.
  6959 | D:8      | Found a white marble altar of Elyvilon.
  6968 | D:8      | 6968 ||| INVOKING Heroism.
  6979 | D:8      | Reached ** piety under Okawaru
  6980 | D:8      | Reached skill level 10 in Axes
  6995 | D:8      | 6995 ||| DRINKING 3 potions of curing.
  6995 | D:8      | 6995 ||| (to cure confusion)
  6996 | D:8      | 6996 ||| INVOKING Heroism.
  7064 | D:8      | 7064 ||| Stepping ~*~*~tactically~*~*~ (stealth).
  7070 | D:8      | 7070 ||| Stepping ~*~*~tactically~*~*~ (stealth).
  7123 | D:8      | Noticed a +0 hand axe
  7124 | D:8      | Found a hide-covered altar of Uskayaw.
  7125 | D:8      | Noticed a +0 hand axe
  7353 | D:8      | Found a blossoming altar of Fedhas.
  7487 | D:8      | 7487 ||| READING scroll labelled ZIUTUNNU EPNYAPH.
  7514 | D:9      | 7514 ||| INVOKING Heroism.
  7539 | D:9      | 7539 ||| INVOKING Heroism.
  7589 | D:9      | 7589 ||| DROPPING +1 whip of electrocution.
  7720 | D:9      | 7720 ||| INVOKING Heroism.
  7730 | D:9      | Reached skill level 3 in Throwing
  7771 | D:9      | 7771 ||| Stepping ~*~*~tactically~*~*~ (stealth).
  7805 | D:9      | 7805 ||| Stepping ~*~*~tactically~*~*~ (stealth).
  7807 | D:9      | 7807 ||| INVOKING Heroism.
  7824 | D:9      | Found a staircase to the Lair.
  7837 | D:9      | Reached *** piety under Okawaru
  7846 | D:9      | 7846 ||| INVOKING Heroism.
  7860 | D:9      | 7860 ||| INVOKING Heroism.
  7883 | D:9      | 7883 ||| INVOKING Heroism.
  8040 | D:9      | 8040 ||| Stepping ~*~*~tactically~*~*~ (hiding).
  8046 | D:9      | 8046 ||| INVOKING Heroism.
  8048 | D:9      | 8048 ||| Stepping ~*~*~tactically~*~*~ (hiding).
  8057 | D:9      | HP: 15/64 [orc priest/nerve-wracking pain (5)]
  8058 | D:9      | 8058 ||| READING 3 scrolls of teleportation.
  8060 | D:9      | 8060 ||| Stepping ~*~*~tactically~*~*~ (hiding).
  8337 | D:9      | 8337 ||| Stepping ~*~*~tactically~*~*~ (hiding).
  8341 | D:9      | 8341 ||| Stepping ~*~*~tactically~*~*~ (hiding).
  8346 | D:9      | 8346 ||| INVOKING Heroism.
  8389 | D:9      | 8389 ||| INVOKING Heroism.
  8392 | D:9      | 8392 ||| Stepping ~*~*~tactically~*~*~ (hiding).
  8412 | D:9      | Reached XP level 11. HP: 60/68 MP: 14/14
  8420 | D:9      | 8420 ||| INVOKING Heroism.
  8449 | D:9      | 8449 ||| FLEEEEING.
  8494 | D:9      | Found a staircase to the Orcish Mines.
  8511 | D:9      | Noticed a brown ugly thing
  8512 | D:9      | 8512 ||| Stepping ~*~*~tactically~*~*~ (stealth).
  8527 | D:9      | Killed a brown ugly thing
  8527 | D:9      | Received a gift from Okawaru
  8528 | D:9      | Reached skill level 11 in Axes
  8581 | D:9      | 8581 ||| Stepping ~*~*~tactically~*~*~ (stealth).
  8749 | D:9      | 8749 ||| Stepping ~*~*~tactically~*~*~ (stealth).
  8788 | D:9      | Found a burning altar of Makhleb.
  8792 | D:9      | 8792 ||| PLANNING LAIR
  8792 | D:9      | 8792 ||| READING 2 scrolls of identify.
  8792 | D:9      | 8792 ||| IDENTIFYING murky cyan potion
  8832 | Lair:1   | Entered Level 1 of the Lair of Beasts
  8843 | Lair:1   | 8843 ||| INVOKING Heroism.
  8848 | Lair:1   | 8848 ||| Stepping ~*~*~tactically~*~*~ (water).
  8898 | Lair:1   | 8898 ||| Stepping ~*~*~tactically~*~*~ (stealth).
  8899 | Lair:1   | 8899 ||| INVOKING Heroism.
  8903 | Lair:1   | Reached skill level 9 in Fighting
  8932 | Lair:1   | 8932 ||| INVOKING Heroism.
  9026 | Lair:1   | 9026 ||| INVOKING Heroism.
  9086 | Lair:1   | 9086 ||| Stepping ~*~*~tactically~*~*~ (stealth).
  9244 | Lair:1   | 9244 ||| INVOKING Heroism.
  9251 | Lair:1   | Reached skill level 9 in Armour
  9261 | Lair:1   | Reached **** piety under Okawaru
  9292 | Lair:1   | 9292 ||| Stepping ~*~*~tactically~*~*~ (stealth).
  9294 | Lair:1   | 9294 ||| Stepping ~*~*~tactically~*~*~ (stealth).
  9296 | Lair:1   | 9296 ||| INVOKING Heroism.
  9795 | Lair:2   | You fall into a shaft and drop 1 floor!
  9796 | Lair:3   | 9796 ||| PLANNING GAUNTLET
  9796 | Lair:3   | 9796 ||| INVOKING Heroism.
  9864 | Lair:3   | 9864 ||| INVOKING Heroism.
  9955 | Lair:3   | 9955 ||| Stepping ~*~*~tactically~*~*~ (stealth).
  9957 | Lair:3   | 9957 ||| INVOKING Heroism.
  9967 | Lair:3   | Reached skill level 6 in Invocations
  9983 | Lair:3   | Reached skill level 12 in Axes
  9985 | Lair:3   | Reached ***** piety under Okawaru
  9990 | Lair:3   | 9990 ||| INVOKING Heroism.
 10081 | Lair:3   | Found a staircase to the Shoals.
 10126 | Lair:3   | 10126 ||| INVOKING Heroism.
 10132 | Lair:3   | Reached XP level 12. HP: 73/76 MP: 13/16
 10237 | Lair:3   | 10237 ||| INVOKING Heroism.
 10247 | Lair:3   | Reached skill level 6 in Shields
 10287 | Lair:3   | 10287 ||| INVOKING Heroism.
 10291 | Lair:3   | HP: 19/77 [elephant (6)]
 10292 | Lair:3   | 10292 ||| READING 6 scrolls of teleportation.
 10298 | Lair:3   | 10298 ||| FLEEEEING.
 10299 | Lair:3   | 10299 ||| FLEEEEING.
 10300 | Lair:3   | 10300 ||| FLEEEEING.
 10301 | Lair:3   | 10301 ||| FLEEEEING.
 10302 | Lair:3   | 10302 ||| FLEEEEING.
 10304 | Lair:3   | 10304 ||| FLEEEEING.
 10305 | Lair:3   | 10305 ||| FLEEEEING.
 10306 | Lair:3   | 10306 ||| FLEEEEING.
 10307 | Lair:3   | 10307 ||| FLEEEEING.
 10308 | Lair:3   | 10308 ||| FLEEEEING.
 10309 | Lair:3   | 10309 ||| FLEEEEING.
 10310 | Lair:3   | 10310 ||| FLEEEEING.
 10311 | Lair:3   | 10311 ||| FLEEEEING.
 10312 | Lair:3   | 10312 ||| FLEEEEING.
 10313 | Lair:3   | 10313 ||| FLEEEEING.
 10314 | Lair:3   | 10314 ||| FLEEEEING.
 10315 | Lair:3   | 10315 ||| FLEEEEING.
 10316 | Lair:3   | 10316 ||| FLEEEEING.
 10317 | Lair:3   | 10317 ||| FLEEEEING.
 10318 | Lair:3   | 10318 ||| FLEEEEING.
 10319 | Lair:3   | 10319 ||| FLEEEEING.
 10320 | Lair:3   | 10320 ||| FLEEEEING.
 10321 | Lair:3   | 10321 ||| FLEEEEING.
 10322 | Lair:3   | 10322 ||| STAIRDANCE
 10475 | Lair:2   | 10475 ||| READING scroll labelled CYONERALUT.
 10477 | Lair:3   | 10477 ||| RIP GAUNTLET
 10478 | Lair:3   | 10478 ||| PLANNING LAIR
 10478 | Lair:3   | 10478 ||| STAIRDANCE
 10493 | Lair:2   | Reached skill level 9 in Invocations
 10555 | Lair:2   | Noticed Gastronok
 10556 | Lair:2   | 10556 ||| Stepping ~*~*~tactically~*~*~ (hiding).
 10557 | Lair:2   | 10557 ||| INVOKING Heroism.
 10567 | Lair:2   | Identified the +2 pair of boots of the Gate {+Blink Regen+
                  | Int-3} (Okawaru gifted it to you on level 2 of the Lair of
                  | Beasts)
 10567 | Lair:2   | Received a gift from Okawaru
 10583 | Lair:2   | Killed Gastronok
 10621 | Lair:2   | 10621 ||| Stepping ~*~*~tactically~*~*~ (stealth).
 10623 | Lair:2   | 10623 ||| INVOKING Heroism.
 10624 | Lair:2   | 10624 ||| Stepping ~*~*~tactically~*~*~ (stealth).
 10653 | Lair:2   | HP: 8/77 [naga/+0 battleaxe (20)]
 10654 | Lair:2   | 10654 ||| READING 5 scrolls of teleportation.
 10660 | Lair:2   | Noticed an eight-headed hydra
 10661 | Lair:2   | 10661 ||| INVOKING Finesse.
 10666 | Lair:2   | 10666 ||| READING 4 scrolls of teleportation.
 10667 | Lair:2   | 10667 ||| SWAPPING to +0 flail.
 10670 | Lair:2   | 10670 ||| INVOKING Heroism.
 10671 | Lair:2   | 10671 ||| Stepping ~*~*~tactically~*~*~ (outnumbered).
 10672 | Lair:2   | 10672 ||| SWAPPING to +0 war axe of venom.
 11081 | Lair:2   | Found a staircase to the Snake Pit.
 11094 | Lair:2   | 11094 ||| Stepping ~*~*~tactically~*~*~ (stealth).
 11099 | Lair:2   | 11099 ||| Stepping ~*~*~tactically~*~*~ (stealth).
 11103 | Lair:2   | 11103 ||| Stepping ~*~*~tactically~*~*~ (stealth).
 11106 | Lair:2   | 11106 ||| Stepping ~*~*~tactically~*~*~ (stealth).
 11107 | Lair:2   | 11107 ||| Stepping ~*~*~tactically~*~*~ (stealth).
 11109 | Lair:2   | 11109 ||| Stepping ~*~*~tactically~*~*~ (stealth).
 11122 | Lair:2   | 11122 ||| Stepping ~*~*~tactically~*~*~ (stealth).
 11133 | Lair:2   | Reached XP level 13. HP: 72/82 MP: 20/20
 11175 | Lair:2   | 11175 ||| INVOKING Heroism.
 11263 | Lair:2   | 11263 ||| INVOKING Heroism.
 11264 | Lair:2   | 11264 ||| INVOKING Finesse.
 11266 | Lair:2   | 11266 ||| SWAPPING to +0 flail.
 11283 | Lair:2   | Reached skill level 13 in Axes
 11283 | Lair:2   | 11283 ||| SWAPPING to +0 war axe of venom.
 11390 | Lair:2   | 11390 ||| INVOKING Heroism.
 11417 | Lair:2   | 11417 ||| Stepping ~*~*~tactically~*~*~ (stealth).
 11418 | Lair:2   | 11418 ||| Stepping ~*~*~tactically~*~*~ (stealth).
 11589 | Lair:2   | 11589 ||| Stepping ~*~*~tactically~*~*~ (stealth).
 11893 | Lair:2   | 11893 ||| UPGRADING to +2 pair of boots of the Gate {+Blink
                  | Regen+ Int-3}.
 11903 | Lair:2   | 11903 ||| DROPPING +0 pair of boots.
 12140 | Lair:3   | 12140 ||| Stepping ~*~*~tactically~*~*~ (stealth).
 12141 | Lair:3   | 12141 ||| INVOKING Heroism.
 12440 | Lair:3   | 12440 ||| READING scroll labelled ICEIM ILOD.
 12584 | Lair:4   | 12584 ||| Stepping ~*~*~tactically~*~*~ (hiding).
 12606 | Lair:4   | Found a transporter.
 12634 | Lair:4   | 12634 ||| Stepping ~*~*~tactically~*~*~ (stealth).
 12665 | Lair:4   | Identified the +0 hat of the Tangerine {rF+ Stlth+}
                  | (Okawaru gifted it to you on level 4 of the Lair of Beasts)
 12665 | Lair:4   | Received a gift from Okawaru
 12690 | Lair:4   | 12690 ||| INVOKING Heroism.
 12697 | Lair:4   | 12697 ||| Stepping ~*~*~tactically~*~*~ (stealth).
 12728 | Lair:4   | 12728 ||| READING scroll of acquirement.
 12728 | Lair:4   | 12728 ||| ACQUIRING 777 gold pieces
 12728 | Lair:4   | Acquired 777 gold pieces
 12759 | Lair:4   | Found a staircase to the Slime Pits.
 12760 | Lair:4   | Found a viscous altar of Jiyva.
 12770 | Lair:4   | 12770 ||| INVOKING Heroism.
 12858 | Lair:4   | 12858 ||| INVOKING Heroism.
 12859 | Lair:4   | 12859 ||| INVOKING Finesse.
 12861 | Lair:4   | 12861 ||| SWAPPING to +0 flail.
 12872 | Lair:4   | Reached skill level 14 in Axes
 12872 | Lair:4   | 12872 ||| SWAPPING to +0 war axe of venom.
 13057 | Lair:4   | 13057 ||| INVOKING Heroism.
 13058 | Lair:4   | 13058 ||| INVOKING Finesse.
 13060 | Lair:4   | 13060 ||| SWAPPING to +0 flail.
 13066 | Lair:4   | 13066 ||| SWAPPING to +0 war axe of venom.
 13112 | Lair:4   | 13112 ||| INVOKING Heroism.
 13157 | Lair:4   | Found an ancient bone altar of Kikubaaqudgha.
 13158 | Lair:4   | 13158 ||| Stepping ~*~*~tactically~*~*~ (stealth).
 13159 | Lair:4   | 13159 ||| Stepping ~*~*~tactically~*~*~ (stealth).
 13161 | Lair:4   | 13161 ||| Stepping ~*~*~tactically~*~*~ (hiding).
 13165 | Lair:4   | 13165 ||| INVOKING Heroism.
 13168 | Lair:4   | 13168 ||| SWAPPING to +0 flail.
 13178 | Lair:4   | 13178 ||| Stepping ~*~*~tactically~*~*~ (outnumbered).
 13179 | Lair:4   | 13179 ||| Stepping ~*~*~tactically~*~*~ (outnumbered).
 13180 | Lair:4   | 13180 ||| Stepping ~*~*~tactically~*~*~ (outnumbered).
 13181 | Lair:4   | 13181 ||| Stepping ~*~*~tactically~*~*~ (outnumbered).
 13182 | Lair:4   | 13182 ||| Stepping ~*~*~tactically~*~*~ (outnumbered).
 13183 | Lair:4   | 13183 ||| Stepping ~*~*~tactically~*~*~ (outnumbered).
 13184 | Lair:4   | 13184 ||| Stepping ~*~*~tactically~*~*~ (outnumbered).
 13185 | Lair:4   | 13185 ||| Stepping ~*~*~tactically~*~*~ (outnumbered).
 13186 | Lair:4   | 13186 ||| Stepping ~*~*~tactically~*~*~ (outnumbered).
 13187 | Lair:4   | 13187 ||| Stepping ~*~*~tactically~*~*~ (outnumbered).
 13192 | Lair:4   | 13192 ||| Stepping ~*~*~tactically~*~*~ (outnumbered).
 13193 | Lair:4   | 13193 ||| Stepping ~*~*~tactically~*~*~ (outnumbered).
 13194 | Lair:4   | 13194 ||| Stepping ~*~*~tactically~*~*~ (outnumbered).
 13195 | Lair:4   | 13195 ||| Stepping ~*~*~tactically~*~*~ (outnumbered).
 13196 | Lair:4   | 13196 ||| Stepping ~*~*~tactically~*~*~ (outnumbered).
 13200 | Lair:4   | 13200 ||| Stepping ~*~*~tactically~*~*~ (outnumbered).
 13201 | Lair:4   | 13201 ||| Stepping ~*~*~tactically~*~*~ (outnumbered).
 13202 | Lair:4   | 13202 ||| Stepping ~*~*~tactically~*~*~ (outnumbered).
 13214 | Lair:4   | HP: 14/83 [eight-headed hydra (10)]
 13215 | Lair:4   | 13215 ||| READING 5 scrolls of teleportation.
 13216 | Lair:4   | 13216 ||| DRINKING potion of heal wounds.
 13220 | Lair:4   | 13220 ||| SWAPPING to +0 war axe of venom.
 13331 | Lair:4   | 13331 ||| INVOKING Heroism.
 13346 | Lair:4   | 13346 ||| Stepping ~*~*~tactically~*~*~ (stealth).
 13354 | Lair:4   | 13354 ||| Stepping ~*~*~tactically~*~*~ (stealth).
 13444 | Lair:4   | Found a bloodstained altar of Trog.
 13446 | Lair:4   | Noticed Aricsoirch's ghost (journeyman GrFi)
 13737 | Lair:5   | Entered Level 5 of the Lair of Beasts
 13739 | Lair:5   | 13739 ||| INVOKING Heroism.
 13741 | Lair:5   | 13741 ||| STAIRDANCE
 13753 | Lair:5   | 13753 ||| STAIRDANCE
 13808 | Lair:5   | 13808 ||| Stepping ~*~*~tactically~*~*~ (stealth).
 13809 | Lair:5   | 13809 ||| Stepping ~*~*~tactically~*~*~ (stealth).
 13821 | Lair:5   | 13821 ||| INVOKING Heroism.
 13822 | Lair:5   | 13822 ||| INVOKING Finesse.
 13990 | Lair:5   | 13990 ||| INVOKING Heroism.
 14045 | Lair:5   | 14045 ||| Stepping ~*~*~tactically~*~*~ (stealth).
 14046 | Lair:5   | 14046 ||| Stepping ~*~*~tactically~*~*~ (stealth).
 14047 | Lair:5   | 14047 ||| INVOKING Heroism.
 14105 | Lair:5   | Gained mutation: Your large and strong wings let you fly.
                  | [Gargoyle growth]
 14105 | Lair:5   | Reached XP level 14. HP: 70/90 MP: 21/21
 14108 | Lair:5   | 14108 ||| INVOKING Heroism.
 14154 | Lair:5   | 14154 ||| Stepping ~*~*~tactically~*~*~ (stealth).
 14176 | Lair:5   | 14176 ||| Stepping ~*~*~tactically~*~*~ (hiding).
 14184 | Lair:5   | 14184 ||| Stepping ~*~*~tactically~*~*~ (cloud).
 14210 | Lair:5   | 14210 ||| Stepping ~*~*~tactically~*~*~ (stealth).
 14238 | Lair:5   | 14238 ||| Stepping ~*~*~tactically~*~*~ (stealth).
 14306 | Lair:5   | 14306 ||| INVOKING Heroism.
 14309 | Lair:5   | Reached skill level 15 in Axes
 14362 | Lair:5   | 14362 ||| INVOKING Heroism.
 14397 | Lair:5   | 14397 ||| INVOKING Heroism.
 14398 | Lair:5   | 14398 ||| INVOKING Finesse.
 14415 | Lair:5   | Reached skill level 12 in Fighting
 14494 | Lair:5   | 14494 ||| INVOKING Heroism.
 14638 | Lair:5   | 14638 ||| Stepping ~*~*~tactically~*~*~ (stealth).
 14644 | Lair:5   | 14644 ||| INVOKING Heroism.
 14666 | Lair:5   | Identified the +1 spear of the Skies Above {vorpal, rC+
                  | Str+2}
 14703 | Lair:5   | 14703 ||| INVOKING Heroism.
 14711 | Lair:5   | Reached skill level 12 in Armour
 14717 | Lair:5   | Received a gift from Okawaru
 14789 | Lair:5   | 14789 ||| Stepping ~*~*~tactically~*~*~ (stealth).
 14797 | Lair:5   | 14797 ||| Stepping ~*~*~tactically~*~*~ (stealth).
 14804 | Lair:5   | Identified the +7 morningstar "Enwargh" {vorpal, rElec
                  | rPois}
 14812 | Lair:5   | 14812 ||| DROPPING +0 flail.
 15056 | Lair:5   | 15056 ||| PLANNING D:1-11
 15056 | Lair:5   | 15056 ||| DROPPING +0 pair of gloves of dexterity.
 15057 | Lair:5   | 15057 ||| UPGRADING to +4 ring of protection.
 15058 | Lair:5   | 15058 ||| READING 3 scrolls of identify.
 15058 | Lair:5   | 15058 ||| IDENTIFYING fizzy coppery potion
 15059 | Lair:5   | 15059 ||| DROPPING potion of flight.
 15179 | D:10     | Entered Level 10 of the Dungeon
 15191 | D:10     | 15191 ||| Stepping ~*~*~tactically~*~*~ (hiding).
 15337 | D:10     | Noticed Maurice
 15346 | D:10     | Killed Maurice
 15419 | D:10     | 15419 ||| INVOKING Heroism.
 15434 | D:10     | Received a gift from Okawaru
 15437 | D:10     | Identified the ring of Zudumimm {rF- rN+ Str+2 Int+6}
 15476 | D:10     | 15476 ||| INVOKING Heroism.
 15491 | D:10     | 15491 ||| INVOKING Finesse.
 15516 | D:10     | Identified the +10 hand crossbow of the Egg {flame, Stlth+}
                  | (Okawaru gifted it to you on level 10 of the Dungeon)
 15516 | D:10     | Received a gift from Okawaru
 15591 | D:10     | 15591 ||| DROPPING +2 hand axe of venom.
 15600 | D:10     | 15600 ||| READING scroll of acquirement.
 15600 | D:10     | 15600 ||| ACQUIRING ring of Zaos {Contam rN+ Str+6 Int+6}
 15600 | D:10     | Acquired the ring of Zaos {Contam rN+ Str+6 Int+6}
 15602 | D:10     | 15602 ||| DROPPING ring of Zudumimm {rF- rN+ Str+2 Int+6}.
 15762 | D:10     | 15762 ||| Stepping ~*~*~tactically~*~*~ (stealth).
 15768 | D:10     | 15768 ||| Stepping ~*~*~tactically~*~*~ (stealth).
 15770 | D:10     | 15770 ||| Stepping ~*~*~tactically~*~*~ (stealth).
 15772 | D:10     | 15772 ||| Stepping ~*~*~tactically~*~*~ (hiding).
 15780 | D:10     | 15780 ||| Stepping ~*~*~tactically~*~*~ (stealth).
 16128 | D:10     | Reached skill level 16 in Axes
 16143 | D:10     | 16143 ||| Stepping ~*~*~tactically~*~*~ (stealth).
 16152 | D:10     | 16152 ||| Stepping ~*~*~tactically~*~*~ (stealth).
 16160 | D:10     | 16160 ||| INVOKING Heroism.
 16276 | D:10     | 16276 ||| UPGRADING to +2 cloak.
 16286 | D:10     | 16286 ||| DROPPING +0 cloak.
 16287 | D:10     | 16287 ||| UPGRADING to ring of Zaos {Contam rN+ Str+6
                  | Int+6}.
 16288 | D:10     | 16288 ||| READING 2 scrolls labelled HEIGON OSE.
 16289 | D:10     | 16289 ||| READING scroll of enchant weapon.
 16289 | D:10     | 16289 ||| ENCHANTING +1 war axe of venom.
 16431 | D:11     | 16431 ||| Stepping ~*~*~tactically~*~*~ (hiding).
 16439 | D:11     | 16439 ||| INVOKING Heroism.
 16503 | D:11     | Identified the +4 sling "Deijin" {vorpal, Dex+5}
 16511 | D:11     | 16511 ||| Stepping ~*~*~tactically~*~*~ (hiding).
 16516 | D:11     | 16516 ||| INVOKING Heroism.
 16518 | D:11     | 16518 ||| Stepping ~*~*~tactically~*~*~ (hiding).
 16530 | D:11     | 16530 ||| Stepping randomly (disturbance).
 16601 | D:11     | 16601 ||| Stepping ~*~*~tactically~*~*~ (stealth).
 16624 | D:11     | Reached XP level 15. HP: 96/96 MP: 22/22
 16702 | D:11     | 16702 ||| Stepping ~*~*~tactically~*~*~ (hiding).
 16708 | D:11     | 16708 ||| Stepping ~*~*~tactically~*~*~ (hiding).
 16721 | D:11     | 16721 ||| Stepping ~*~*~tactically~*~*~ (stealth).
 16730 | D:11     | 16730 ||| Stepping ~*~*~tactically~*~*~ (hiding).
 16904 | D:11     | 16904 ||| PLANNING D
 17339 | D:12     | 17339 ||| Stepping ~*~*~tactically~*~*~ (stealth).
 17342 | D:12     | 17342 ||| Stepping ~*~*~tactically~*~*~ (stealth).
 17343 | D:12     | 17343 ||| Stepping ~*~*~tactically~*~*~ (stealth).
 17375 | D:12     | Reached skill level 3 in Dodging
 17739 | D:12     | Received a gift from Okawaru
 17881 | D:13     | 17881 ||| STAIRDANCE
 17982 | D:13     | 17982 ||| INVOKING Heroism.
 18057 | D:13     | 18057 ||| FLEEEEING.
 18058 | D:13     | 18058 ||| FLEEEEING.
 18059 | D:13     | 18059 ||| FLEEEEING.
 18132 | D:13     | 18132 ||| INVOKING Heroism.
 18146 | D:13     | Received a gift from Okawaru
 18156 | D:13     | 18156 ||| SWAPPING to +2 broad axe of venom.
 18157 | D:13     | 18157 ||| DROPPING +2 war axe of venom.
 18298 | D:13     | Found Athaink's Antique Armour Emporium.
 18307 | D:13     | 18307 ||| BUYING ancient swamp dragon scales (1540 gold).
 18307 | D:13     | Bought ancient swamp dragon scales for 1540 gold pieces
 18307 | D:13     | Identified the +0 swamp dragon scales "Tyfeis" {rPois
                  | Int+2} (You bought it in a shop on level 13 of the Dungeon)
 18307 | D:13     | 18307 ||| SHOPLISTING glowing plate armour (728 gold, have
                  | 516).
 18307 | D:13     | 18307 ||| BUYING shiny chain mail (210 gold).
 18307 | D:13     | Bought a shiny chain mail for 210 gold pieces
 18307 | D:13     | 18307 ||| BUYING shiny kite shield (210 gold).
 18307 | D:13     | Bought a shiny kite shield for 210 gold pieces
 18400 | D:13     | 18400 ||| Stepping ~*~*~tactically~*~*~ (hiding).
 18402 | D:13     | 18402 ||| Stepping ~*~*~tactically~*~*~ (hiding).
 18784 | D:13     | 18784 ||| READING scroll of enchant armour.
 18784 | D:13     | 18784 ||| ENCHANTING +1 helmet.
 18830 | D:13     | 18830 ||| DROPPING +0 swamp dragon scales "Tyfeis" {rPois
                  | Int+2}.
 18831 | D:13     | 18831 ||| UPGRADING to +1 kite shield of reflection.
 18841 | D:13     | 18841 ||| DROPPING +0 buckler.
 18842 | D:13     | 18842 ||| DROPPING ring of willpower.
 18843 | D:13     | 18843 ||| READING scroll labelled KEUSMUI RIMUEPT.
 18880 | D:14     | Identified the +9 trident "Grim Tooth" {vamp, Contam rC+++
                  | rN+++ Dex-2}
 19175 | D:14     | 19175 ||| Stepping ~*~*~tactically~*~*~ (hiding).
 19180 | D:14     | 19180 ||| INVOKING Heroism.
 19185 | D:14     | Reached skill level 9 in Shields
 19602 | D:14     | 19602 ||| Stepping ~*~*~tactically~*~*~ (hiding).
 19605 | D:14     | 19605 ||| INVOKING Heroism.
 19666 | D:14     | Found a gate to the Vaults.
 19712 | D:14     | 19712 ||| Stepping ~*~*~tactically~*~*~ (hiding).
 19768 | D:14     | Identified the +1 buckler of Parts Unknown {Int+4} (Okawaru
                  | gifted it to you on level 14 of the Dungeon)
 19768 | D:14     | Received a gift from Okawaru
 19778 | D:14     | 19778 ||| INVOKING Heroism.
 19779 | D:14     | 19779 ||| INVOKING Finesse.
 19781 | D:14     | 19781 ||| SWAPPING to +7 morningstar "Enwargh" {vorpal,
                  | rElec rPois}.
 19788 | D:14     | 19788 ||| SWAPPING to +2 broad axe of venom.
 19910 | D:14     | 19910 ||| Stepping ~*~*~tactically~*~*~ (hiding).
 19911 | D:14     | 19911 ||| Stepping ~*~*~tactically~*~*~ (hiding).
 20078 | D:14     | 20078 ||| DROPPING +6 ring of intelligence.
 20109 | D:15     | Entered Level 15 of the Dungeon
 20116 | D:15     | 20116 ||| Stepping ~*~*~tactically~*~*~ (hiding).
 20282 | D:15     | 20282 ||| INVOKING Heroism.
 20302 | D:15     | 20302 ||| Stepping ~*~*~tactically~*~*~ (stealth).
 20315 | D:15     | Found a staircase to the Depths.
 20316 | D:15     | 20316 ||| INVOKING Heroism.
 20317 | D:15     | 20317 ||| INVOKING Finesse.
 20327 | D:15     | 20327 ||| Stepping ~*~*~tactically~*~*~ (stealth).
 20365 | D:15     | 20365 ||| Stepping ~*~*~tactically~*~*~ (hiding).
 20366 | D:15     | 20366 ||| Stepping ~*~*~tactically~*~*~ (hiding).
 20382 | D:15     | 20382 ||| Stepping ~*~*~tactically~*~*~ (hiding).
 20383 | D:15     | 20383 ||| Stepping ~*~*~tactically~*~*~ (hiding).
 20385 | D:15     | Identified the +6 trident of Gegegel {elec, rCorr Int+4}
 20387 | D:15     | 20387 ||| INVOKING Heroism.
 20421 | D:15     | Found a glowing silver altar of Zin.
 20468 | D:15     | 20468 ||| Stepping ~*~*~tactically~*~*~ (stealth).
 20472 | D:15     | 20472 ||| Stepping ~*~*~tactically~*~*~ (stealth).
 20488 | D:15     | 20488 ||| INVOKING Heroism.
 20535 | D:15     | 20535 ||| Stepping ~*~*~tactically~*~*~ (hiding).
 20616 | D:15     | 20616 ||| INVOKING Heroism.
 20630 | D:15     | HP: 23/97 [skeletal warrior/+0 broad axe (18)]
 20631 | D:15     | 20631 ||| READING 6 scrolls of teleportation.
 20632 | D:15     | 20632 ||| DRINKING 2 potions of heal wounds.
 20728 | D:15     | 20728 ||| Stepping ~*~*~tactically~*~*~ (hiding).
 20769 | D:15     | 20769 ||| INVOKING Heroism.
 20772 | D:15     | 20772 ||| INVOKING Finesse.
 20931 | D:15     | 20931 ||| Stepping ~*~*~tactically~*~*~ (stealth).
 20932 | D:15     | 20932 ||| INVOKING Heroism.
 20950 | D:15     | 20950 ||| Stepping ~*~*~tactically~*~*~ (stealth).
 20951 | D:15     | 20951 ||| Stepping ~*~*~tactically~*~*~ (stealth).
 20959 | D:15     | Reached skill level 12 in Shields
 20968 | D:15     | 20968 ||| Stepping ~*~*~tactically~*~*~ (hiding).
 21060 | D:15     | 21060 ||| INVOKING Heroism.
 21063 | D:15     | 21063 ||| SWAPPING to +7 morningstar "Enwargh" {vorpal,
                  | rElec rPois}.
 21070 | D:15     | 21070 ||| SWAPPING to +2 broad axe of venom.
 21103 | D:15     | 21103 ||| PLANNING ORC
 21103 | D:15     | 21103 ||| DROPPING +1 cloak.
 21250 | Orc:1    | Entered Level 1 of the Orcish Mines
 21295 | Orc:1    | Noticed Urug
 21296 | Orc:1    | 21296 ||| INVOKING Heroism.
 21306 | Orc:1    | Killed Urug
 21307 | Orc:1    | 21307 ||| Stepping ~*~*~tactically~*~*~ (hiding).
 21308 | Orc:1    | 21308 ||| Stepping ~*~*~tactically~*~*~ (hiding).
 21314 | Orc:1    | 21314 ||| Stepping ~*~*~tactically~*~*~ (stealth).
 21318 | Orc:1    | 21318 ||| Stepping ~*~*~tactically~*~*~ (stealth).
 21319 | Orc:1    | 21319 ||| Stepping ~*~*~tactically~*~*~ (stealth).
 21320 | Orc:1    | 21320 ||| Stepping ~*~*~tactically~*~*~ (stealth).
 21339 | Orc:1    | Found a bloodstained altar of Trog.
 21397 | Orc:1    | 21397 ||| INVOKING Heroism.
 21501 | Orc:1    | Found Sedghekh's Armour Shop.
 21564 | Orc:1    | 21564 ||| INVOKING Heroism.
 21604 | Orc:1    | 21604 ||| INVOKING Heroism.
 21709 | Orc:1    | 21709 ||| INVOKING Heroism.
 21711 | Orc:1    | Reached XP level 16. HP: 103/103 MP: 20/23
 21722 | Orc:1    | HP: 21/103 [ettin/+0 dire flail (22)]
 21723 | Orc:1    | 21723 ||| READING 5 scrolls of teleportation.
 21723 | Orc:1    | HP: 9/103 [stone giant (13)]
 21723 | Orc:1    | Mangled by an ettin

Levels and vault maps discovered:
D:1:      dpeg_arrival_water_fire, layout_basic, serial_shops, shop
D:2:      minmay_spotlight, layout_basic, uniq_robin, uniq_natasha
D:3:      layout_basic
D:4:      layout_cave_pools, slow_altar_2, gup_ossuary_entry_pyramid,
          chequers_serial_rivers_small_3, uniq_blork_the_orc, uniq_pikel,
          uniq_grinder, uniq_sigmund
D:5:      layout_loops_ring, minmay_temple_entry_sparse_star,
          portal_sewer_entry_c
D:6:      layout_basic, mainiacjoe_overflow_two_lobes, st_stairs_14,
          patterned_corridor
D:7:      layout_loops_ring, nicolae_overflow_two_pavilions,
          trog_three_pillars_becter
D:8:      layout_cave_pools, elyvilon_altar_5, fedhas_altar_fruit_tree,
          dancing_weapons_uskayaw, serial_column_ruins,
          column_ruins_circle_medium, column_ruins_grid_1,
          column_ruins_open_tiny, column_ruins_grid_2,
          column_ruins_columns_straight, column_ruins_open_small,
          column_ruins_columns_straight
D:9:      layout_small_grid, lightli_temple_of_fire, erik_lair_island,
          david_orc_5, serial_rivers, chequers_serial_rivers_micro_c,
          chequers_serial_rivers_small_a, chequers_serial_rivers_micro_c,
          chequers_serial_rivers_small_a, chequers_serial_rivers_small_b
D:10:     hangedman_cross_veins, layout_irregular_city, uniq_maurice
D:11:     layout_rooms, fungi_pond_lemuel, chequers_avenue
D:12:     layout_stronghold
D:13:     layout_stronghold, serial_shops, shop
D:14:     layout_layer_cave, david_vaults_4, hellmonk_bongcloud_opening
D:15:     hangedman_depths_entry_civil_slaughter, layout_basic, zin_academy
Temple:   minmay_temple_forest_path
Lair:1:   layout_loops_ring, infiniplex_staircase_pool_2
Lair:2:   beast_lair_carwin_large_2, layout_cave_pods,
          guppyfry_snake_entry_garden, uniq_gastronok
Lair:3:   layout_roguey, elwin_shoals_entry_rooms, gauntlet_entry_generic,
          st_stairs_9, nicolae_lair_grazing_beasts [nicolae_sub_lair_graze_edge,
          nicolae_sub_lair_graze_edge, nicolae_sub_lair_graze_edge,
          nicolae_sub_lair_graze_edge]
Lair:4:   layout_regular_city, slime_entry_1, basic_altar,
          gammafunk_ghost_wrathful_warriors, nicolae_lair_liquid_snakes
Lair:5:   gammafunk_lair_ancient_temple, layout_regular_city,
          serial_bayou_pond_a, gammafunk_lair_bear_cave,
          infiniplex_staircase_pool
Orc:1:    giant_chief_lemuel, layout_caves, serial_shops, shop_fountains,
          basic_altar, uniq_urug

Skill      XL: |  1  2  3  4  5  6  7  8  9 10 11 12 13 14 15 |
---------------+----------------------------------------------+-----
Axes           | 2 3 4 5 6 8 9 10 12 14 16 | 16.2
Fighting       | 4 6 7 8 9 10 11 12 | 12.8
Dodging        | 1 2 3 |  3.2
Throwing       | 1 2 3 4 5 |  5.2
Shields        | 4 5 6 7 13 | 13.0
Armour         | 7 8 9 10 11 12 | 12.0
Invocations    | 3 4 6 10 | 10.0

Action                   |  1- 3 |  4- 6 |  7- 9 | 10-12 | 13-15 | 16-18 || total
-------------------------+-------+-------+-------+-------+-------+-------++-------
Melee: War axe           |   106 |   194 |   286 |   522 |   851 |       ||  1959
       Flail             |       |       |       |     2 |    57 |       ||    59
       Broad axe         |       |       |       |       |   333 |     9 ||   342
       Morningstar       |       |       |       |       |    10 |       ||    10
Throw: Boomerang         |       |    35 |    47 |    27 |   150 |       ||   259
       Javelin           |       |       |    15 |    27 |    58 |       ||   100
Invok: Heroism           |       |       |     1 |    30 |    45 |       ||    76
       Finesse           |       |       |       |     1 |     9 |       ||    10
  Use: Scroll            |     6 |     5 |    10 |     7 |    10 |     1 ||    39
       Potion            |     2 |     3 |     1 |     1 |     2 |       ||     9
Armor: Scale mail        |    77 |    86 |    66 |       |       |       ||   229
       Plate armour      |       |       |    83 |   404 |   786 |     7 ||  1280
       Chain mail        |       |       |    13 |       |       |       ||    13
Dodge: Dodged            |    67 |    94 |   120 |   206 |   421 |     4 ||   912
Block: Buckler           |    25 |    33 |    56 |   142 |   202 |       ||   458
       Kite shield       |       |       |       |       |   176 |     8 ||   184
       Reflection        |       |       |       |       |    18 |     1 ||    19

Table legend:
 A = Non-vault XP
 B = Vault XP
 C = Vault XP percentage of total XP
 D = Non-vault monster count
 E = Vault monster count
 F = Vault count percentage of total count
                 A         B        C        D         E       F
            +---------+---------+-------+---------+---------+-------
      Total |   79259 |   50375 |  38.9 |     420 |     176 |  29.5
            +---------+---------+-------+---------+---------+-------
        D:1 |      36 |       0 |   0.0 |      20 |       0 |   0.0
        D:2 |     109 |     108 |  49.8 |      19 |      20 |  51.3
        D:3 |     142 |       0 |   0.0 |      26 |       0 |   0.0
        D:4 |      58 |    1259 |  95.6 |      15 |       6 |  28.6
        D:5 |     406 |      56 |  12.1 |      12 |       6 |  33.3
        D:6 |     672 |     133 |  16.5 |      12 |       1 |   7.7
        D:7 |    1080 |       0 |   0.0 |      23 |       0 |   0.0
        D:8 |    3111 |       0 |   0.0 |      29 |       0 |   0.0
        D:9 |    2040 |    1976 |  49.2 |      18 |      30 |  62.5
       D:10 |    2850 |    8812 |  75.6 |      18 |      21 |  53.8
       D:11 |    2750 |       0 |   0.0 |      16 |       0 |   0.0
       D:12 |    4701 |       0 |   0.0 |      10 |       0 |   0.0
       D:13 |    3411 |       0 |   0.0 |      11 |       0 |   0.0
       D:14 |    8675 |    1664 |  16.1 |      19 |       4 |  17.4
       D:15 |   10106 |    4193 |  29.3 |      22 |       6 |  21.4
     Lair:1 |    4660 |       0 |   0.0 |      19 |       0 |   0.0
     Lair:2 |    4823 |    4753 |  49.6 |      24 |      11 |  31.4
     Lair:3 |    3210 |    8159 |  71.8 |      17 |      19 |  52.8
     Lair:4 |    9581 |     360 |   3.6 |      34 |       7 |  17.1
     Lair:5 |   15976 |    9949 |  38.4 |      41 |      25 |  37.9
      Orc:1 |     862 |    8953 |  91.2 |      15 |      20 |  57.1
            +---------+---------+-------+---------+---------+-------
